 Seeded DCSS version 0.30-a0-1053-gbd8d5ba0ad (webtiles) character file.

Game seed: 10276067447877829813 (custom seed)

957 bmack86 the Chopper (level 7, 0/62 HPs)
             Began as a Minotaur Fighter on Apr 12, 2023.
             Was a Follower of Okawaru.
             Slain by a wight
             ... wielding a +0 spear
              (2 damage)
             ... on level 6 of the Dungeon.
             The game lasted 00:10:13 (4558 turns).

bmack86 the Chopper (Minotaur Fighter)              Turns: 4558, Time: 00:10:14

Health: 0/62       AC: 13    Str: 23    XL:     7   Next: 91%
Magic:  7/7        EV:  8    Int:  5    God:    Okawaru [*.....]
Gold:   1132       SH:  5    Dex:  9    Spells: 6/6 levels left

rFire   . . .      SeeInvis .    a - +0 war axe
rCold   + . .      Faith    +    c - +0 buckler
rNeg    . . .      Spirit   .    t - +0 chain mail
rPois   .          Reflect  .    (helmet restricted)
rElec   .          Rampage  .    (no cloak)
rCorr   .                        h - +0 pair of gloves
Will    .....                    o - +1 pair of boots Stlth
                                 p - amulet of faith
HPRegen 0.30/turn                m - ring of protection from cold
MPRegen 0.10/turn                (no ring)

@: no status effects
A: horns 2, retaliatory headbutt
a: Renounce Religion, Heroism


You were on level 6 of the Dungeon.
You worshipped Okawaru.
Okawaru was aware of your devotion.
You visited 2 branches of the dungeon, and saw 7 of its levels.

You collected 1132 gold pieces.

Inventory:

Hand Weapons
 a - a +0 war axe (weapon)
Missiles
 i - 15 poisoned darts
 l - 13 boomerangs (quivered)
Armour
 c - a +0 buckler (worn)
 h - a +0 pair of gloves (worn)
 o - a +1 pair of boots (worn)
 s - a +2 ring mail of willpower
 t - a +0 chain mail (worn)
Jewellery
 m - a ring of protection from cold (left hand)
 p - an amulet of faith (around neck)
Wands
 A - a wand of roots (4)
Scrolls
 f - a scroll of noise
 x - a scroll of vulnerability
 z - a scroll of teleportation
Potions
 b - a potion of flight
 d - 2 potions of might
 k - 2 potions of invisibility
 r - 2 potions of cancellation
 u - a potion of lignification
 v - a potion of attraction


   Skills:
 + Level 5.6 Fighting
 * Level 6.5 Axes
 + Level 3.2 Throwing
 + Level 5.6 Armour
 + Level 5.5 Shields
 + Level 1.9 Invocations


You had 6 spell levels left.
You didn't know any spells.
Your spell library contained the following spells:

 Spells                   Type           Power      Damage    Failure   Level
 Magic Dart               Conj           0%         1d3       98%         1
 Sandblast                Erth           0%         2d4       98%         1
 Passwall                 Tmut/Erth      0%         N/A       99%         2
 Searing Ray              Conj           0%         2d4       99%         2
 Stone Arrow              Conj/Erth      0%         3d7       100%        3
 Fulminant Prism          Conj/Hex       0%         3d5       100%        4


Dungeon Overview and Level Annotations

Branches:
Dungeon (6/15)             Temple (1/1) D:5

Altars:
Ashenzari
Cheibriados
Dithmenos
Elyvilon
Fedhas
Hepliaklqana
Kikubaaqudgha
Makhleb
Nemelex Xobeh
Okawaru
Qazlal
Ru
Sif Muna
Uskayaw
Vehumet
Wu Jian
Yredelemnul
Zin
The Shining One


Innate Abilities, Weirdness & Mutations

You have a pair of horns on your head.
You reflexively headbutt those who attack you in melee.


Message History

Something hits you but does no damage.
You closely miss something. Something hits you but does no damage.
You barely miss something. Your headbutt misses something.
The orc priest mumbles some strange prayers to Beogh against you.
Beogh smites you! Something hits you.
You miss something. Your headbutt misses something.
The orc priest calls down the wrath of Beogh upon you.
Beogh smites you!
* * * LOW HITPOINT WARNING * * *
Something hits you.
* * * LOW HITPOINT WARNING * * *
You closely miss something. You block something's attack.
You slash something! Okawaru accepts your kill.
Reactivating autopickup.
You feel a bit more experienced.
You hit the adder but do no damage. The adder closely misses you.
You furiously retaliate!
You headbutt the adder. The wight closely misses you.
You barely miss the adder.
The adder is lightly wounded.
The adder barely misses you. The wight hits you but does no damage.
The adder closely misses you.
You closely miss the adder.
The adder is lightly wounded.
The adder bites you but does no damage. The wight closely misses you.
You barely miss the adder. Your headbutt misses the adder.
The adder is lightly wounded.
You feel like a meek peon again. The adder barely misses you.
The wight hits you but does no damage.
You slash the adder!
You kill the adder!
Okawaru accepts your kill. The wight barely misses you.
You block the wight's attack.
The orc priest mumbles some strange prayers to Beogh against you.
Beogh smites you!
* * * LOW HITPOINT WARNING * * *
Items here: $ )) [[ †.
You barely miss the wight. The wight hits you with a +0 spear.
You die...

#.........#
#.#####.........#
..........).....#
................#
.#####.....#.###
#.###....... #.#
###.##.. #.# ....
... #@# ........
##z# .....## .
#zo# #.##.# #..##
..... .......
....... ..#.#..
..#.#..


You could see 2 wights and an orc priest.

Vanquished Creatures
  A black bear (D:5)
  Pargi (D:4)
  2 scorpions (D:5)
  3 wights (D:6)
  A jelly (D:4)
  3 orc priests
  2 hounds (D:5)
  Jessica (D:3)
  An iguana (D:4)
  4 orc wizards
  Robin (D:3)
  7 adders
  A worm (D:5)
  13 orcs
  9 endoplasms
  A giant cockroach (D:2)
  12 goblins
  8 hobgoblins
  8 kobolds
  A quokka (D:2)
  3 ball pythons
  4 bats
  5 frilled lizards
  4 rats
96 creatures vanquished.

Notes
Turn   | Place    | Note
-------+----------+-------------------------------------------
     0 | D:1      | bmack86 the Minotaur Fighter began the quest for the Orb.
     0 | D:1      | Reached XP level 1. HP: 19/19 MP: 0/0
   320 | D:1      | Reached XP level 2. HP: 27/27 MP: 1/1
   640 | D:1      | Reached skill level 3 in Axes
   809 | D:2      | Found a sparkling altar of Nemelex Xobeh.
   942 | D:2      | Reached XP level 3. HP: 33/33 MP: 2/2
  1233 | D:2      | You fall into a shaft and drop 1 floor!
  1687 | D:3      | Noticed Robin
  1697 | D:3      | Killed Robin
  1698 | D:3      | Reached skill level 1 in Throwing
  1698 | D:3      | Reached XP level 4. HP: 36/40 MP: 3/3
  2010 | D:3      | Noticed Jessica
  2017 | D:3      | Killed Jessica
  2018 | D:3      | Reached skill level 4 in Axes
  2036 | D:3      | Identified a scroll of acquirement
  2255 | D:4      | Reached XP level 5. HP: 39/47 MP: 4/4
  2580 | D:4      | Found a broken altar of Ashenzari.
  2844 | D:4      | Reached XP level 6. HP: 9/53 MP: 5/5
  2861 | D:4      | Reached skill level 5 in Axes
  2968 | D:4      | Noticed Pargi
  2979 | D:4      | Killed Pargi
  2980 | D:4      | Reached skill level 5 in Armour
  3115 | D:5      | Entered Level 5 of the Dungeon
  3178 | D:5      | Found a staircase to the Ecumenical Temple.
  3191 | Temple   | Entered the Ecumenical Temple
  3354 | Temple   | Became a worshipper of Warmaster Okawaru
  3556 | D:5      | Reached skill level 5 in Fighting
  3556 | D:5      | Reached skill level 5 in Shields
  3556 | D:5      | Reached XP level 7. HP: 51/61 MP: 6/6
  3654 | D:5      | Identified the +7 trident "Secho" {venom, rF+++ Str+4
                  | Int-4}
  3841 | D:5      | Reached * piety under Okawaru
  3842 | D:5      | Reached skill level 1 in Invocations
  3940 | D:5      | Reached skill level 6 in Axes
  3946 | D:5      | HP: 3/61 [orc priest/+0 club (4)]
  4379 | D:5      | Acquired 951 gold pieces
  4557 | D:6      | HP: 1/62 [orc priest/divine providence (12)]
  4558 | D:6      | Slain by a wight

Illustrated notes

Levels and vault maps discovered:
D:1:      minmay_arrival_diagonal_passages, layout_basic, minmay_crystal_room
D:2:      layout_loops_ring, basic_altar, nrook_mini_backslash,
          corexii_item_surrounded_by_moat
D:3:      layout_basic, uniq_jessica, uniq_robin
D:4:      layout_basic, kennysheep_mini_moat, uniq_pargi
D:5:      layout_loops_cross, minmay_temple_entry_hall, dk_rats_in_the_wall
D:6:      layout_rooms, trog_butcher_becter
Temple:   hc_temple_tempest_star

Skill      XL: |  1  2  3  4  5  6  7 |
---------------+----------------------+-----
Axes           | 3 4 5 6 |  6.5
Armour         | 4 5 |  5.6
Fighting       | 4 5 |  5.6
Shields        | 4 5 |  5.5
Throwing       | 1 2 3 |  3.2
Invocations    | 1 |  1.9

Action                     |  1- 3 |  4- 6 |  7- 9 || total
---------------------------+-------+-------+-------++-------
  Melee: War axe           |    56 |    96 |    68 ||   220
         Headbutt          |     8 |    15 |    10 ||    33
  Throw: Dart              |     1 |       |       ||     1
         Boomerang         |     8 |    16 |       ||    24
 Invoke: Heroism           |       |       |     1 ||     1
    Use: Scroll            |     3 |     7 |    10 ||    20
         Potion            |       |     1 |     1 ||     2
 Armour: Scale mail        |    33 |    17 |       ||    50
         Chain mail        |       |    47 |    36 ||    83
  Dodge: Dodged            |    30 |    44 |    24 ||    98
  Block: Buckler           |    16 |    19 |    13 ||    48

Table legend: (Time is in decaauts)
 A = Elapsed time spent in this place.
 B = Non-inter-level travel time spent in this place.
 C = Inter-level travel time spent in this place.
 D = Time resting spent in this place.
 E = Time spent auto-exploring this place.
 F = Levels seen in this place.
 G = Mean time per level.
                   A        B        C        D        E       F      G
               +--------+--------+--------+--------+--------+-----+--------+
         Total |   4626 |   4389 |    237 |    244 |   3167 |   7 |  660.9 |
       Dungeon |   4383 |   4152 |    231 |    244 |   2955 |   6 |  730.5 |
        Temple |    243 |    237 |      6 |      0 |    212 |   1 |  243.0 |
               +--------+--------+--------+--------+--------+-----+--------+

Top non-repeatable levels by time:
     D:5: 1086 daAuts
     D:4: 955 daAuts
     D:1: 817 daAuts
     D:2: 762 daAuts
     D:3: 629 daAuts
  Temple: 243 daAuts
     D:6: 130 daAuts
